 Dungeon Crawl Stone Soup version 0.29.1-1-gd02db6906a (webtiles) character file.

Game seed: 1958432454465231852

45 mcbry74 the Chopper (level 3, -2/33 HPs)
             Began as a Hill Orc Cinder Acolyte on Oct 7, 2022.
             Was a High Priest of Ignis.
             Slain by a gnoll
             ... wielding a +0 flail
              (8 damage)
             ... on level 2 of the Dungeon.
             The game lasted 00:04:13 (1412 turns).

mcbry74 the Chopper (Hill Orc Cinder Acolyte)       Turns: 1412, Time: 00:04:14

Health: -2/33      AC:  9    Str: 16    XL:     3   Next: 64%
Magic:  5/5        EV: 11    Int: 16    God:    Ignis [*****.]
Gold:   45         SH:  0    Dex:  6    Spells: 4/4 levels left

rFire   + . .      SeeInvis .   a - -1 hand axe (flame)
rCold   . . .      Faith    .   (no shield)
rNeg    . . .      Spirit   .   b - +0 robe
rPois   .          Reflect  .   (no helmet)
rElec   .          Harm     .   (no cloak)
rCorr   .          Rampage  .   (no gloves)
Will    .....                   (no boots)
Stlth   +.........              (no amulet)
HPRegen 0.11/turn               (no ring)
MPRegen 0.09/turn               (no ring)

@: fiery-armoured
A: no striking features
a: Renounce Religion, Fiery Armour, Foxfire Swarm, Rising Flame


You were on level 2 of the Dungeon.
You worshipped Ignis.
Ignis was extremely pleased with you.
You visited 1 branch of the dungeon, and saw 2 of its levels.

You collected 45 gold pieces.

Inventory:

Hand Weapons
 a - a -1 hand axe of flaming (weapon)
Missiles
 g - 5 boomerangs (quivered)
Armour
 b - a +0 robe (worn)
Jewellery
 d - an amulet of guardian spirit
Scrolls
 h - a scroll of teleportation
Potions
 c - a potion of berserk rage
 e - a potion of degeneration {unknown}
 f - a potion of curing {unknown}
 j - 2 potions of flight {unknown}


   Skills:
 + Level 4.2 Fighting
 + Level 4.5 Axes
 + Level 1.4 Spellcasting
 + Level 3.7 Fire Magic


You had 4 spell levels left.
You didn't know any spells.
Your spell library contained the following spells:

 Spells                   Type           Power      Damage    Failure   Level
 Scorch                   Fire           26%        2d6       7%          2


Dungeon Overview and Level Annotations

Branches:
Dungeon (2/15)

Altars:


Message History

The gnoll is moderately wounded.
The gnoll closely misses you.
A gnoll comes into view. It is wielding a +0 flail.
The gnoll attacks as you move away! The gnoll hits you with a +0 flail.
* * * LOW HITPOINT WARNING * * *
The gnoll attacks as you move away! The gnoll closely misses you.
There is an open door here.
Found a scroll of teleportation.
The gnoll attacks as you move away! The gnoll misses you.
The gnoll attacks as you move away! The gnoll closely misses you.
A quokka comes into view.
The gnoll attacks as you move away! The gnoll barely misses you.
You see here a scroll of teleportation.
Activating: Foxfire Swarm
Press: ? - help, Dir - look around, f - activate Flames leap up around you!
The foxfire hits the quokka.
The quokka is heavily wounded.
The gnoll barely misses you.
You hit the gnoll. You burn the gnoll.
The gnoll is almost dead.
The foxfire hits the quokka.
The quokka is severely wounded.
The foxfire hits the gnoll.
You kill the gnoll!
The quokka completely misses you. The quokka closely misses you.
You slash the quokka! You burn the quokka.
You kill the quokka!
You see here a quokka corpse.
There is an open door here.
Things that are here:
a +0 flail; a gnoll corpse You see here a scroll of teleportation.
h - a scroll of teleportation You see here a quokka corpse.
The gnoll attacks as you move away! The gnoll closely misses you.
The gnoll attacks as you move away! The gnoll hits you with a +0 flail!
* * * LOW HITPOINT WARNING * * *
A protective cloak of flame settles atop you.
The gnoll hits you with a +0 flail!
You die...

.# .# ## .# .###+# .#
..#.#
.#############.#.#
.'.......)..†....#
.##############g.# ...#
##g# ##g# #@# #.# #.##
#.#############..#####g
#.g..g.................
##################.....
###.# #


You could see 2 gnolls.

Vanquished Creatures
  A gnoll (D:2)
  5 endoplasms (D:1)
  2 giant cockroaches
  2 goblins (D:1)
  4 hobgoblins (D:1)
  2 jackals (D:1)
  2 kobolds (D:1)
  A quokka (D:2)
  6 bats (D:1)
  A frilled lizard (D:1)
  6 rats (D:1)
32 creatures vanquished.

Vanquished Creatures (others)
  2 foxfires (D:2)
  2 plants (D:1)
  5 toadstools (D:1)
9 creatures vanquished.

Grand Total: 41 creatures vanquished

Notes
Turn   | Place    | Note
-------+----------+-------------------------------------------
     0 | D:1      | mcbry74 the Hill Orc Cinder Acolyte began the quest for the
                  | Orb.
     0 | D:1      | Reached XP level 1. HP: 19/19 MP: 2/2
   122 | D:1      | Reached XP level 2. HP: 27/27 MP: 3/3
   760 | D:1      | Found a faded altar of an unknown god.
   815 | D:1      | Reached XP level 3. HP: 32/33 MP: 4/4
  1412 | D:2      | Slain by a gnoll

Illustrated notes

Levels and vault maps discovered:
D:1:      ldierk_walled_garden, layout_loops_ring,
          dilly_ecumenical_altar_fadedgnrine
D:2:      layout_basic, serial_shops, shop, grunt_decor_one_mirror,
          uniq_natasha, uniq_robin

Skill      XL: |  1  2 |
---------------+-------+-----
Fighting       | 4 |  4.2
Axes           | |  4.5
Spellcasting   | |  1.4
Fire Magic     | |  3.7

Action                   || total
-------------------------++-------
Melee: Hand axe          ||   109
       Punch             ||     1
Invok: Foxfire Swarm     ||     1
       Fiery Armour      ||     1
  Use: Scroll            ||     5
Armor: Robe              ||    23
Dodge: Dodged            ||    87
